 Dungeon Crawl Stone Soup version 0.28-a0-474-g535839065c (webtiles) character file.

Game seed: 3961245246452032690

14 RandomusNamus the Chucker (level 2, -5/25 HPs)
             Began as a Minotaur Hunter on Sept 15, 2021.
             Slain by a gnoll (6 damage)
             ... on level 1 of the Dungeon.
             The game lasted 00:00:28 (816 turns).

RandomusNamus the Chucker (Minotaur Hunter)          Turns: 816, Time: 00:00:29

Health: -5/25      AC:  3    Str: 16    XL:     2   Next: 27%
Magic:  1/1        EV: 12    Int:  8    God:
Gold:   0          SH:  0    Dex: 10    Spells: 1/1 levels left

rFire   . . .      SeeInvis .   a - +0 short sword
rCold   . . .      Faith    .   (no shield)
rNeg    . . .      Spirit   .   b - +0 leather armour
rPois   .          Reflect  .   (helmet restricted)
rElec   .          Harm     .   (no cloak)
rCorr   .          Rampage  .   (no gloves)
Will    .....                   (no boots)
Stlth   +.........              (no amulet)
HPRegen 0.08/turn               (no ring)
MPRegen 0.07/turn               (no ring)

@: no status effects
A: horns 2, retaliatory headbutt
a: no special abilities


You were on level 1 of the Dungeon.
You visited 1 branch of the dungeon, and saw 1 of its levels.


Innate Abilities, Weirdness & Mutations

You have a pair of horns on your head.
You reflexively headbutt those who attack you in melee.


   Skills:
 + Level 2.7 Fighting
 + Level 0.9 Short Blades
 - Level 4.0 Throwing
 + Level 1.0 Armour
 + Level 2.5 Dodging
 - Level 0.7 Stealth


You had one spell level left.
You didn't know any spells.
Your spell library was empty.

Inventory:

Hand Weapons
 a - a +0 short sword (weapon)
Missiles
 c - 6 javelins (quivered)
 d - 2 throwing nets {!f=f, !d}
Armour
 b - a +0 leather armour (worn)
 f - a +0 helmet
   (You found it on level 1 of the Dungeon)
Jewellery
 g - a +4 ring of slaying
   (You found it on level 1 of the Dungeon)
Scrolls
 h - 2 scrolls of identify {!r, unknown}
 j - a scroll of teleportation {!r, unknown}
Potions
 e - a potion of degeneration {unknown}
 i - a potion of experience {unknown}

Dungeon Overview and Level Annotations

Branches:
Dungeon (1/15)

Altars:

#....#####....#### #..#
#......gg@...#### ###..#
..^...†.###.....# ##....#
###### .......##
#.###.####......
.....##....... #.#
#........#..
.....#......## #.#
####....###. ..>....#....
#.# ##....>####.
.>....##...
#.###..##....##. .....#
### #.##..[#####.###
.....##### #.##..## #....
.........#########.#...#
###..
.....###........†.....##
#.. .....#
##.............#########).
####.#
#........................
# #.#
#................######..
# #.# #..........#######
#.. ..##.# ############
###


You could see a gnoll and a goblin.


Message History

Ye stick tha endoplasm like a pincushion!
Ye headbutt tha endoplasm!
Ye annihilate tha endoplasm!!!
Unknown command!
A rat comes inta view!
A rat be nearby!!!
Unknown butt!
A rat be nearby!!!
Unknown command!
A rat be nearby!!!
Tha helpless rat fails ta defend itself!
Ye stick tha rat like a pincushion!
Ye annihilate tha rat!!!
Ye haf reached level 2!!!
A frilled lizard comes inta view!
Tha frilled lizard hisses angrily!
A frilled lizard be nearby!!!
Unknown command!
Tha frilled lizard bites ye!
Damage: -12%(-3hp) hp: 88%(22hp)
A frilled lizard be nearby!!!
Unknown command!
Ye perforate tha frilled lizard like a sieve!
Yer headbutt misses tha frilled lizard!
Tha butt lizard be heavily wounded!
Tha frilled lizard bites ye!
Damage: -4%(-1hp) hp: 84%(21hp)
A frilled lizard be nearby!!!
Unknown command!
Ye miss tha frilled lizard!
Tha frilled lizard be heavily wounded!
Tha frilled lizard butts ye!
Tha frilled lizard closely misses ye!
Damage: -8%(-2hp) hp: 76%(19hp)
A frilled lizard be nearby!!!
Ye closely miss tha frilled lizard!
Tha frilled lizard be heavily wounded!
Tha butt lizard bites ye!
Unknown command!
Damage: -4%(-1hp) hp: 72%(18hp)
A frilled lizard be nearby!!!
Ye stick tha frilled lizard like a pincushion!
Ye annihilate tha frilled lizard!!!
Unknown command!
Key pressed, stoppin' 'splore!
Nay target in view!!!
Unknown command!
Key pressed, stoppin' 'splore!
Nay target in view!!!
Unknown command!
Nay target in view!!!
Ye see 'ere a frilled lizard corpse!
A kobold comes inta view!
It be wieldin' a +0 whip!
Tha kobold shouts!!!
Ye hear a shout!!!
A hobgoblin comes inta view!
Thar be monsters nearby!!!
Unknown command!
Thar be monsters nearby!!!
Unknown command!
Thar be monsters nearby!!!
Ye barely miss tha hobgoblin!
Tha hobgoblin closely misses ye!
Unknown command!
Ye stick tha hobgoblin like a pincushion!
Tha hobgoblin be heavily wounded!
Tha kobold barely misses ye!
Tha hobgoblin completely misses ye!
Thar be monsters nearby!!!
Unknown command!
Ye closely miss tha hobgoblin!
Tha hobgoblin be heavily wounded!
Tha kobold barely misses ye!
Tha hobgoblin hits ye!
Damage: -16%(-4hp) hp: 84%(21hp) Thar be monsters nearby!!!
Ye skewer tha hobgoblin like a kebab!
Ye annihilate tha hobgoblin!!!
Tha kobold barely misses ye!
Ye furiously retaliate!!!
Ye headbutt tha kobold!
Ye annihilate tha kobold!!!
Yer Armour skill increases ta level 1!!!
Unknown command!
Key pressed, stoppin' 'splore!
Nay target in view!!!
Unknown command!
Key pressed, stoppin' 'splore!
Nay target in view!!!
Unknown command!
Nay target in view!!!
Thin's tha be 'ere: a +0 whip; a kobold corpse Unknown command!
Nay target in view!!!
h - a scroll labelled FEMNUB N'BLE {!!.r} Unknown command!
Nay target in view!!!
A bat comes inta view!
Tha bat moves outta view!
Nay target in view!!!
Unknown command!
Key pressed, stoppin' 'splore!
Nay target in view!!!
Unknown command!
Nay target in view!!!
Found a rin' mail!
i - a sedimn'ted gre'n potion Unknown command!
Nay target in view!!!
h - 2 scrolls labelled FEMNUB N'BLE {!!.r} (gain'd 1)
Found 17 arrows!
Nay target in view!!!
Unknown command!
j - a scroll labelled DIHIGH DIATEYMN {!!.r} Nay target in view!!!
Unknown butt!
A hobgoblin comes inta view!
A hobgoblin be nearby!!!
Tha hobgoblin shouts!!!
Unknown command!
A hobgoblin be nearby!!!
Unknown command!
A hobgoblin be nearby!!!
Ye stick tha hobgoblin but do nay damage!
Tha hobgoblin barely misses ye!
Ye furiously retaliate!!!
Ye headbutt tha hobgoblin!
Ye annihilate tha hobgoblin!!!
Unknown command!
Key pressed, stoppin' 'splore!
Nay target in view!!!
Unknown command!
Key pressed, stoppin' 'splore!
Nay target in view!!!
Unknown command!
Nay target in view!!!
Ye see 'ere a +0 club!
Thar be a stone staircase leadin' down 'ere!
Key pressed, stoppin' 'splore!
Unknown command!
Nay target in view!!!
A butt python an' a gnoll come inta view!
Tha gnoll shouts!!!
A goblin comes inta view!
It be wieldin' a +0 club!
Thar be monsters nearby!!!
Tha ball python hisses angrily!
Tha gnoll closely misses ye!
Ye furiously retaliate!!!
Ye headbutt tha gnoll, but do nay damage!
Unknown command!
Thar be monsters nearby!!!
Ye barely miss tha gnoll!
Tha gnoll hits ye but does nay damage!
Tha ball python bites ye but does butt damage!
Tha ball python grabs ye!
Tha ball python constricts ye!
Ye barely miss tha ball python!
Tha ball python bites ye!
Tha ball python constricts ye!
Tha gnoll barely misses ye!
Damage: -8%(-2hp) hp: 92%(23hp) Thar be monsters nearby!!!
Unknown command!
Ye stick tha ball butt but do nay damage!
Tha ball python barely misses ye!
Tha ball python constricts ye!
Tha gnoll hits ye wit' a +0 club!
Tha ball python barely misses ye!
Tha ball python constricts ye!
Damage: -4%(-1hp) hp: 88%(22hp) Thar be monsters nearby!!!
Ye closely miss tha ball python!
Tha gnoll hits ye wit' a +0 club!
Tha butt python bites ye!
Tha ball python butts ye!
Unknown command!
Damage: -16%(-4hp) hp: 72%(18hp) Thar be monsters nearby!!!
Ye skewer tha ball python like a kebab!
Ye annihilate tha ball python!!!
Tha gnoll hits ye wit' a +0 butt!!!
* * * LOW HITPOINT WARNIN'
* * * Tha goblin barely misses ye!
Unknown command!
Huge Dmg: -28%(-7hp) hp: 44%(11hp) Thar be monsters nearby!!!
Ye be too injured ta fight recklessly!!!
Unknown command!
Ye be too injured ta fight recklessly!!!
Thar be monsters nearby!!!
Unknown command!
Ye be too injured ta fight recklessly!!!
Thar be monsters nearby!!!
Ye be too injured ta fight recklessly!!!
Unknown command!
Unknown command!
Ye be too injured ta fight recklessly!!!
Ye be too injured ta fight recklessly!!!
Ye be too injured ta butt recklessly!!!
Unknown command!
Unknown command!
Unknown command!
Ye closely butts tha gnoll!
Tha gnoll misses ye!
Unknown command!
Ye stick tha gnoll but do nay damage!
Yer headbutt misses tha gnoll!
Tha gnoll hits ye wit' a +0 club!
* * * LOW HITPOINT WARNIN'
* * * Huge Dmg: -24%(-6hp) hp: 20%(5hp) Unknown command!
Ye stick tha gnoll like a pincushion!
Tha butt be lightly wounded!
Tha gnoll hits ye wit' a +0 club!
* * * LOW HITPOINT WARNIN'
* * * Tha gnoll hits ye wit' a +0 club!
Ye butt!!!

Levels and vault maps discovered:
D:1:      evilmike_arrival_crescent, layout_rooms,
          hellmonk_ecumenical_altar_crossroads, nrook_mini_backslash,
          minmay_tetromino_o4

Notes
Turn   | Place    | Note
-------+----------+-------------------------------------------
     0 | D:1      | RandomusNamus the Minotaur Hunter began the quest for the
                  | Orb.
     0 | D:1      | Reached XP level 1. HP: 18/18 MP: 0/0
   455 | D:1      | Reached XP level 2. HP: 25/25 MP: 1/1
   558 | D:1      | Reached skill level 1 in Armour
   816 | D:1      | HP: 1/25 [gnoll (4)]
   816 | D:1      | Slain by a gnoll

Vanquished Creatures
  An endoplasm (D:1)
  A giant cockroach (D:1)
  A goblin (D:1)
  2 hobgoblins (D:1)
  A kobold (D:1)
  3 ball pythons (D:1)
  2 bats (D:1)
  A frilled lizard (D:1)
  A rat (D:1)
13 creatures vanquished.

Action                   || total
-------------------------++-------
Melee: Short sword       ||    38
       Headbutt          ||     1
 Stab: Sleeping          ||     1
Armor: Leather armour    ||     6
Dodge: Dodged            ||    24
